General information
- name: BNet
- type: Ladder team game (AT/RT)
- host: Battle.net
- saver: humankingtomvip
map: FullScaleAssault
- players: 8
- length: 31:31
- speed: Fast
- version: 1.26 W3XP
- replay type: Public
» download(212 KB)
Players
team 1 (loser)
yomamaismine (
red | 54 APM | 1631 actions | 30:17)
5 Blademaster
2 Wind Walk
3 Critical Strike
» actions
| Assign group hotkey | 14 | |
| Build / train | 94 | |
| Enter build submenu | 32 | |
| Enter hero's abilities submenu | 5 | |
| Give item / drop item | 1 | |
| Remove unit from queue | 2 | |
| Right click | 551 | |
| Select / deselect | 343 | |
| Select group hotkey | 500 | |
| Use ability | 89 | |
1631 total
» units
| Peon | 17 | |
| Raider | 22 | |
| Goblin Zeppelin | 1 | |
| Wind Rider | 5 | |
| Kodo Beast | 1 | |
| Shaman | 7 | |
53 total
» upgrades
| Pillage | 1 | |
| Melee Weapons | 3 | |
| Ensnare | 1 | |
| Armor | 3 | |
| Envenomed Spears | 1 | |
| Reinforced Defenses | 1 | |
| War Drums Damage Increase | 1 | |
| Shaman Training | 2 | |
13 total
» buildings
| Altar of Storms | 1 | |
| Orc Burrow | 7 | |
| Stronghold | 3 | |
| War Mill | 1 | |
| Voodoo Lounge | 2 | |
| Beastiary | 2 | |
| Fortress | 2 | |
| Watch Tower | 12 | |
| Spirit Lodge | 1 | |
| Great Hall | 1 | |
| Barracks | 1 | |
33 total
» build order
00:11 Altar of Storms
00:17 Orc Burrow
02:01 Stronghold
02:01 Stronghold
02:32 War Mill
02:37 Orc Burrow
02:53 Voodoo Lounge
04:08 Orc Burrow
04:14 Orc Burrow
04:31 Beastiary
04:40 Beastiary
05:23 Orc Burrow
10:05 Fortress
10:05 Fortress
10:55 Watch Tower
10:58 Watch Tower
11:58 Watch Tower
12:05 Watch Tower
12:10 Watch Tower
14:47 Voodoo Lounge
15:43 Orc Burrow
18:14 Orc Burrow
19:14 Spirit Lodge
20:10 Great Hall
26:10 Barracks
26:45 Watch Tower
26:47 Watch Tower
26:54 Watch Tower
27:58 Watch Tower
28:01 Watch Tower
28:30 Watch Tower
28:37 Watch Tower
» items
| Healing Salve | 3 | |
| Lesser Clarity Potion | 2 | |
| Scroll of Speed | 1 | |
| Potion of Healing | 1 | |
| Scroll of Town Portal | 2 | |
| Scroll of Healing | 1 | |
| Orb of Lightning | 3 | |
13 total
MarcOs- (
teal | 37 APM | 1163 actions | 31:29)
6 Death Knight
3 Death Coil
3 Unholy Aura
4 Lich
2 Frost Armor
2 Frost Nova
3 Crypt Lord
2 Impale
1 Spiked Carapace
» actions
| Assign group hotkey | 25 | |
| Basic commands | 9 | |
| Build / train | 79 | |
| ESC pressed | 1 | |
| Enter build submenu | 22 | |
| Enter hero's abilities submenu | 13 | |
| Give item / drop item | 3 | |
| Remove unit from queue | 2 | |
| Right click | 580 | |
| Select / deselect | 304 | |
| Select group hotkey | 61 | |
| Use ability | 64 | |
1163 total
» units
| Acolyte | 7 | |
| Ghoul | 4 | |
| Crypt Fiend | 11 | |
| Obsidian Statue | 6 | |
| Blue Dragon Whelp | 1 | |
| Frost Wyrm | 8 | |
| Meatwagon | 7 | |
| Goblin Zeppelin | 1 | |
45 total
» upgrades
| Creature Attack | 3 | |
| Creature Carapace | 3 | |
| Web | 1 | |
| Burrow | 1 | |
| Freezing Breath | 1 | |
| Exhume Corpses | 1 | |
| Destroyer Form | 1 | |
| Disease Cloud | 1 | |
12 total
» buildings
| Crypt | 1 | |
| Altar of Darkness | 1 | |
| Ziggurat | 9 | |
| Graveyard | 1 | |
| Tomb of Relics | 1 | |
| Spirit Tower | 1 | |
| Halls of the Dead | 1 | |
| Sacrificial Pit | 1 | |
| Slaughterhouse | 1 | |
| Black Citadel | 1 | |
| Boneyard | 2 | |
20 total
» build order
00:32 Crypt
00:36 Altar of Darkness
00:42 Ziggurat
01:02 Graveyard
01:19 Ziggurat
01:50 Tomb of Relics
03:09 Spirit Tower
03:46 Ziggurat
04:58 Halls of the Dead
05:38 Ziggurat
07:41 Sacrificial Pit
07:47 Slaughterhouse
09:40 Ziggurat
09:43 Ziggurat
09:47 Black Citadel
11:28 Ziggurat
11:32 Ziggurat
11:37 Ziggurat
12:44 Boneyard
12:49 Boneyard
» items

»
UCanCallMeSock (
orange | 34 APM | 1024 actions | 30:10)
7 Death Knight
3 Death Coil
3 Unholy Aura
1 Animate Dead
» actions
| Build / train | 80 | |
| Enter build submenu | 20 | |
| Enter hero's abilities submenu | 7 | |
| Give item / drop item | 3 | |
| Remove unit from queue | 1 | |
| Right click | 590 | |
| Select / deselect | 270 | |
| Use ability | 53 | |
1024 total
» units
| Acolyte | 9 | |
| Ghoul | 5 | |
| Crypt Fiend | 8 | |
| Frost Wyrm | 13 | |
| Gargoyle | 15 | |
50 total
» upgrades
| Creature Carapace | 3 | |
| Creature Attack | 4 | |
| Freezing Breath | 1 | |
| Web | 1 | |
| Burrow | 1 | |
| Stone Form | 1 | |
11 total
» buildings
| Ziggurat | 9 | |
| Crypt | 1 | |
| Graveyard | 1 | |
| Altar of Darkness | 1 | |
| Halls of the Dead | 1 | |
| Tomb of Relics | 1 | |
| Sacrificial Pit | 1 | |
| Black Citadel | 1 | |
| Boneyard | 3 | |
| Nerubian Tower | 2 | |
| Spirit Tower | 3 | |
24 total
» build order
00:26 Ziggurat
00:29 Crypt
00:57 Graveyard
01:07 Ziggurat
01:23 Altar of Darkness
02:53 Halls of the Dead
03:57 Ziggurat
04:21 Tomb of Relics
04:33 Ziggurat
05:15 Sacrificial Pit
06:32 Black Citadel
07:08 Ziggurat
08:57 Boneyard
09:01 Boneyard
09:07 Boneyard
09:10 Ziggurat
09:14 Ziggurat
12:29 Ziggurat
13:29 Nerubian Tower
13:30 Spirit Tower
13:31 Spirit Tower
15:07 Spirit Tower
19:47 Ziggurat
21:01 Nerubian Tower
» items
| Orb of Corruption | 1 | |
| Scroll of Town Portal | 1 | |
| Potion of Mana | 1 | |
3 total

»
NAGGERsnJUiCe (
green | 159 APM | 4776 actions | 30:06)
6 Death Knight
3 Death Coil
2 Death Pact
1 Animate Dead
» actions
| Assign group hotkey | 28 | |
| Basic commands | 17 | |
| Build / train | 81 | |
| ESC pressed | 13 | |
| Enter build submenu | 24 | |
| Enter hero's abilities submenu | 6 | |
| Give item / drop item | 6 | |
| Remove unit from queue | 2 | |
| Right click | 731 | |
| Select / deselect | 221 | |
| Select group hotkey | 3573 | |
| Use ability | 74 | |
4776 total
» units
| Acolyte | 6 | |
| Ghoul | 6 | |
| Frost Wyrm | 8 | |
| Blue Drake | 1 | |
| Goblin Zeppelin | 1 | |
22 total
» upgrades
| Creature Attack | 1 | |
| Freezing Breath | 1 | |
| Creature Carapace | 3 | |
5 total
» buildings
| Crypt | 1 | |
| Necropolis | 3 | |
| Halls of the Dead | 4 | |
| Altar of Darkness | 1 | |
| Ziggurat | 12 | |
| Graveyard | 1 | |
| Black Citadel | 4 | |
| Sacrificial Pit | 1 | |
| Boneyard | 3 | |
| Tomb of Relics | 1 | |
| Spirit Tower | 8 | |
| Nerubian Tower | 8 | |
47 total
» build order
00:16 Crypt
00:27 Necropolis
01:42 Halls of the Dead
01:42 Halls of the Dead
01:42 Halls of the Dead
02:07 Necropolis
02:22 Altar of Darkness
02:38 Ziggurat
03:46 Graveyard
04:07 Black Citadel
04:07 Black Citadel
04:08 Black Citadel
04:51 Sacrificial Pit
05:43 Ziggurat
05:45 Ziggurat
06:33 Boneyard
06:34 Boneyard
06:39 Boneyard
06:57 Ziggurat
07:01 Tomb of Relics
11:20 Ziggurat
12:28 Ziggurat
12:30 Ziggurat
14:02 Ziggurat
14:47 Spirit Tower
14:47 Spirit Tower
14:48 Spirit Tower
15:06 Nerubian Tower
15:09 Nerubian Tower
15:10 Nerubian Tower
15:10 Nerubian Tower
15:54 Necropolis
23:16 Ziggurat
23:17 Ziggurat
27:52 Ziggurat
27:53 Ziggurat
28:46 Spirit Tower
28:46 Spirit Tower
28:47 Nerubian Tower
28:48 Nerubian Tower
28:48 Nerubian Tower
28:48 Nerubian Tower
» items
| Boots of Speed | 1 | |
| Lesser Clarity Potion | 1 | |
| Healing Salve | 2 | |
| Orb of Corruption | 1 | |
| Scroll of Town Portal | 2 | |
7 total
team 2 (winner)
humankingtomvip (
pink | 75 APM | 2363 actions | 31:31)
7 Goblin Alchemist
3 Acid Bomb
2 Chemical Rage
1 Transmute
1 Healing Spray
» actions
| Assign group hotkey | 102 | |
| Basic commands | 32 | |
| Build / train | 123 | |
| ESC pressed | 6 | |
| Enter build submenu | 68 | |
| Enter hero's abilities submenu | 7 | |
| Give item / drop item | 7 | |
| Right click | 829 | |
| Select / deselect | 336 | |
| Select group hotkey | 506 | |
| Use ability | 347 | |
2363 total
» units
| Peasant | 29 | |
| Goblin Shredder | 4 | |
| Goblin Zeppelin | 2 | |
| Dragonhawk Rider | 3 | |
38 total
» upgrades
| Masonry | 2 | |
| Magic Sentry | 1 | |
| Cloud | 1 | |
| Storm Hammers | 1 | |
| Armor | 2 | |
| Swords | 2 | |
9 total
» buildings
| Altar of Kings | 1 | |
| Farm | 12 | |
| Scout Tower | 142 | |
| Lumber Mill | 2 | |
| Arcane Tower | 9 | |
| Town Hall | 1 | |
| Guard Tower | 46 | |
| Keep | 1 | |
| Arcane Sanctum | 1 | |
| Castle | 1 | |
| Arcane Vault | 1 | |
| Gryphon Aviary | 4 | |
| Blacksmith | 2 | |
| Barracks | 1 | |
224 total
» build order
00:22 Altar of Kings
00:36 Farm
01:02 Farm
01:44 Farm
02:22 Farm
02:25 Scout Tower
02:32 Lumber Mill
02:36 Lumber Mill
02:41 Farm
02:44 Scout Tower
02:48 Farm
02:58 Arcane Tower
03:16 Arcane Tower
04:22 Town Hall
04:27 Scout Tower
04:28 Scout Tower
04:28 Scout Tower
05:04 Guard Tower
05:12 Arcane Tower
05:12 Arcane Tower
05:24 Scout Tower
05:25 Scout Tower
05:25 Scout Tower
06:25 Keep
06:37 Guard Tower
06:40 Scout Tower
06:40 Scout Tower
07:22 Scout Tower
07:23 Scout Tower
07:24 Scout Tower
07:24 Scout Tower
07:32 Guard Tower
07:37 Scout Tower
07:37 Scout Tower
07:39 Scout Tower
07:49 Scout Tower
07:50 Scout Tower
07:51 Scout Tower
07:51 Scout Tower
07:53 Guard Tower
07:53 Guard Tower
08:03 Guard Tower
08:15 Scout Tower
08:16 Scout Tower
08:16 Scout Tower
08:19 Guard Tower
08:34 Guard Tower
08:36 Scout Tower
08:36 Scout Tower
08:37 Scout Tower
08:37 Scout Tower
08:54 Scout Tower
08:55 Scout Tower
08:56 Scout Tower
09:00 Guard Tower
09:01 Scout Tower
09:01 Scout Tower
09:02 Scout Tower
09:28 Guard Tower
09:39 Farm
09:57 Guard Tower
09:59 Scout Tower
10:00 Scout Tower
10:00 Scout Tower
10:01 Scout Tower
10:02 Arcane Tower
10:27 Arcane Sanctum
10:38 Guard Tower
11:00 Scout Tower
11:01 Scout Tower
11:02 Scout Tower
11:02 Scout Tower
11:06 Castle
11:13 Scout Tower
11:13 Scout Tower
11:14 Scout Tower
11:15 Scout Tower
11:16 Scout Tower
11:16 Scout Tower
11:21 Arcane Tower
11:25 Guard Tower
11:31 Guard Tower
12:11 Guard Tower
12:12 Scout Tower
12:13 Scout Tower
12:14 Scout Tower
12:15 Scout Tower
12:19 Guard Tower
12:20 Scout Tower
12:21 Scout Tower
12:21 Scout Tower
12:22 Scout Tower
12:23 Scout Tower
12:48 Guard Tower
12:51 Scout Tower
12:52 Scout Tower
12:53 Scout Tower
12:54 Scout Tower
12:56 Scout Tower
12:57 Scout Tower
12:58 Scout Tower
12:59 Scout Tower
13:00 Scout Tower
13:01 Scout Tower
13:01 Scout Tower
13:02 Scout Tower
13:02 Scout Tower
13:02 Scout Tower
13:20 Guard Tower
13:22 Guard Tower
13:22 Guard Tower
13:23 Scout Tower
13:24 Scout Tower
13:24 Scout Tower
13:24 Scout Tower
13:26 Scout Tower
13:26 Scout Tower
13:42 Guard Tower
13:43 Guard Tower
14:00 Guard Tower
14:01 Guard Tower
14:05 Guard Tower
14:10 Scout Tower
14:11 Scout Tower
14:14 Scout Tower
14:17 Scout Tower
14:20 Scout Tower
14:21 Scout Tower
14:22 Scout Tower
14:22 Scout Tower
14:23 Scout Tower
14:24 Scout Tower
14:24 Scout Tower
14:25 Scout Tower
14:26 Scout Tower
14:26 Scout Tower
14:39 Guard Tower
14:41 Guard Tower
14:41 Guard Tower
14:45 Scout Tower
14:45 Scout Tower
14:45 Scout Tower
14:46 Scout Tower
14:47 Scout Tower
14:47 Scout Tower
14:47 Scout Tower
15:25 Guard Tower
15:26 Arcane Vault
15:34 Guard Tower
15:37 Scout Tower
15:37 Scout Tower
15:38 Scout Tower
15:38 Scout Tower
15:39 Scout Tower
15:39 Scout Tower
15:57 Guard Tower
16:01 Guard Tower
16:50 Guard Tower
16:51 Guard Tower
16:54 Gryphon Aviary
16:54 Gryphon Aviary
16:56 Gryphon Aviary
16:58 Farm
17:01 Guard Tower
17:59 Gryphon Aviary
18:55 Scout Tower
18:55 Scout Tower
18:55 Scout Tower
19:45 Guard Tower
19:53 Guard Tower
19:55 Scout Tower
19:55 Scout Tower
19:56 Scout Tower
19:56 Scout Tower
19:57 Scout Tower
19:58 Scout Tower
19:58 Scout Tower
19:58 Scout Tower
19:59 Scout Tower
19:59 Scout Tower
20:06 Farm
20:06 Farm
20:07 Farm
20:07 Farm
20:34 Guard Tower
22:56 Blacksmith
25:14 Barracks
25:18 Guard Tower
27:14 Scout Tower
27:15 Scout Tower
27:16 Scout Tower
27:16 Scout Tower
27:17 Scout Tower
27:17 Scout Tower
27:18 Scout Tower
27:18 Scout Tower
27:18 Scout Tower
28:06 Guard Tower
28:19 Guard Tower
28:29 Arcane Tower
» items
| Staff of Teleportation | 1 | |
| Boots of Speed | 1 | |
| Orb of Lightning | 1 | |
| Lesser Clarity Potion | 2 | |
| Healing Salve | 1 | |
| Tiny Great Hall | 1 | |
| Scroll of Town Portal | 2 | |
| Staff of Sanctuary | 1 | |
10 total

»
Wc_wOLF (
yellow | 58 APM | 1813 actions | 31:30)
6 Demon Hunter
2 Immolation
3 Evasion
1 Metamorphosis
6 Warden
3 Shadow Strike
2 Fan of Knives
1 Spirit of Vengeance
» actions
| Assign group hotkey | 41 | |
| Basic commands | 86 | |
| Build / train | 99 | |
| ESC pressed | 7 | |
| Enter build submenu | 21 | |
| Enter hero's abilities submenu | 12 | |
| Give item / drop item | 10 | |
| Right click | 392 | |
| Select / deselect | 360 | |
| Select group hotkey | 671 | |
| Use ability | 114 | |
1813 total
» units
| Wisp | 25 | |
| Hippogryph | 19 | |
| Chimaera | 7 | |
| Blue Dragon | 1 | |
| Goblin Zeppelin | 1 | |
53 total
» upgrades
| Well Spring | 1 | |
| Ultravision | 1 | |
| Strength of the Wild | 3 | |
| Reinforced Hides | 4 | |
| Corrosive Breath | 1 | |
10 total
» buildings
| Altar of Elders | 1 | |
| Moon Well | 9 | |
| Hunter's Hall | 1 | |
| Ancient of Wonders | 1 | |
| Tree of Ages | 1 | |
| Ancient Protector | 6 | |
| Ancient of Wind | 2 | |
| Tree of Eternity | 1 | |
| Chimaera Roost | 2 | |
| Tree of Life | 3 | |
27 total
» build order
01:01 Altar of Elders
01:05 Moon Well
01:27 Hunter's Hall
01:38 Ancient of Wonders
02:48 Moon Well
03:11 Tree of Ages
03:20 Moon Well
03:51 Ancient Protector
04:24 Ancient Protector
04:51 Moon Well
05:35 Ancient of Wind
06:30 Tree of Eternity
08:57 Chimaera Roost
08:58 Chimaera Roost
10:17 Tree of Life
10:39 Tree of Life
12:34 Moon Well
12:35 Moon Well
21:16 Moon Well
21:18 Moon Well
25:25 Ancient of Wind
25:42 Moon Well
29:29 Tree of Life
29:34 Ancient Protector
29:37 Ancient Protector
29:43 Ancient Protector
29:46 Ancient Protector
» items
| Circlet of Nobility | 2 | |
| Periapt of Vitality | 3 | |
| Boots of Speed | 2 | |
| Lesser Clarity Potion | 3 | |
| Potion of Healing | 3 | |
| Scroll of Town Portal | 4 | |
| Potion of Mana | 1 | |
| Orb of Venom | 2 | |
20 total

»
day_beerz (
blue | 28 APM | 878 actions | 31:30)
4 Blademaster
2 Wind Walk
2 Critical Strike
» actions
| Build / train | 168 | |
| ESC pressed | 1 | |
| Enter build submenu | 19 | |
| Enter hero's abilities submenu | 4 | |
| Give item / drop item | 3 | |
| Remove unit from queue | 10 | |
| Right click | 334 | |
| Select / deselect | 287 | |
| Use ability | 51 | |
878 total
» units
» upgrades
| Ranged Weapons | 3 | |
| Liquid Fire | 1 | |
| Armor | 1 | |
5 total
» buildings
| Altar of Storms | 1 | |
| Orc Burrow | 9 | |
| Voodoo Lounge | 1 | |
| War Mill | 1 | |
| Stronghold | 1 | |
| Beastiary | 3 | |
| Fortress | 1 | |
| Great Hall | 2 | |
19 total
» build order
00:48 Altar of Storms
01:05 Orc Burrow
01:48 Voodoo Lounge
02:08 Orc Burrow
02:18 War Mill
03:27 Stronghold
05:59 Beastiary
06:06 Beastiary
06:34 Fortress
07:55 Orc Burrow
10:46 Orc Burrow
10:49 Orc Burrow
11:44 Orc Burrow
13:03 Orc Burrow
20:02 Great Hall
20:21 Beastiary
20:32 Great Hall
21:38 Orc Burrow
22:51 Orc Burrow
» items
| Healing Salve | 2 | |
| Lesser Clarity Potion | 2 | |
4 total
Tpo_Reloaded (
purple | 40 APM | 1271 actions | 31:30)
7 Paladin
3 Holy Light
2 Devotion Aura
1 Divine Shield
1 Resurrection
» actions
| Assign group hotkey | 9 | |
| Basic commands | 37 | |
| Build / train | 98 | |
| ESC pressed | 2 | |
| Enter build submenu | 22 | |
| Enter hero's abilities submenu | 7 | |
| Remove unit from queue | 3 | |
| Right click | 572 | |
| Select / deselect | 302 | |
| Select group hotkey | 128 | |
| Use ability | 91 | |
1271 total
» units
| Peasant | 17 | |
| Footman | 16 | |
| Knight | 13 | |
| Dragonhawk Rider | 21 | |
| Siege Engine | 3 | |
70 total
» upgrades
| Lumber Harvesting | 1 | |
| Swords | 3 | |
| Animal War Training | 1 | |
| Plating | 3 | |
| Barrage | 1 | |
| Gunpowder | 2 | |
| Armor | 1 | |
12 total
» buildings
| Altar of Kings | 1 | |
| Farm | 13 | |
| Barracks | 2 | |
| Arcane Vault | 1 | |
| Keep | 1 | |
| Lumber Mill | 1 | |
| Blacksmith | 1 | |
| Town Hall | 1 | |
| Castle | 1 | |
| Gryphon Aviary | 2 | |
| Workshop | 2 | |
26 total
» build order
00:05 Altar of Kings
00:11 Farm
00:15 Barracks
00:55 Farm
02:13 Farm
03:18 Arcane Vault
03:42 Farm
04:28 Keep
05:37 Lumber Mill
05:40 Blacksmith
06:10 Town Hall
06:42 Farm
06:42 Farm
07:40 Barracks
08:18 Farm
08:19 Farm
09:08 Castle
12:29 Farm
12:29 Farm
13:50 Farm
13:51 Farm
14:32 Farm
18:02 Gryphon Aviary
18:03 Gryphon Aviary
22:34 Workshop
22:35 Workshop
» items
Chat log
(00:14 / Allies) day_beerz: pink u tower rushing?
(00:24 / Allies) Tpo_Reloaded: if u are
(00:26 / Allies) Tpo_Reloaded: ill help you
(00:30 / Allies) humankingtomvip: are you two retarded
(00:33 / Allies) humankingtomvip: you cant tower rush this map
(00:36 / Allies) day_beerz: i just know he does sometimes
(00:39 / Allies) Tpo_Reloaded: you cant if you good
(00:48 / Allies) Wc_wOLF: tower rush no
(00:57 / Allies) humankingtomvip: great the mostintelligent ally i have is a mex
(00:57 / Allies) Tpo_Reloaded: ok
(01:01 / Allies) Tpo_Reloaded: but normal rush?
(01:05 / All) NAGGERsnJUiCe: boys have a penis girls have a vagina
(01:10 / All) Tpo_Reloaded: i have both
(01:16 / All) NAGGERsnJUiCe: nice
(01:25 / All) NAGGERsnJUiCe: can u put one in the other?
(01:30 / All) Tpo_Reloaded: yes
(01:34 / All) NAGGERsnJUiCe: :/
(01:35 / All) Tpo_Reloaded: but only if the penis isnt hard
(01:57 / All) NAGGERsnJUiCe: can i get some pics?
(01:58 / Allies) day_beerz: bats here for siege
(02:07 / All) Tpo_Reloaded: can u pay for them?
(02:18 / All) NAGGERsnJUiCe: sure
(02:28 / All) Tpo_Reloaded: ill think about it
(02:33 / All) NAGGERsnJUiCe: :)
(02:53 / Allies) Tpo_Reloaded: so
(02:55 / Allies) Tpo_Reloaded: i forgot
(02:57 / Allies) Tpo_Reloaded: we are rushing/
(03:32 / Allies) humankingtomvip: RAPED
(03:33 / Allies) Tpo_Reloaded: blow up
(03:36 / Allies) humankingtomvip: put ur wood wisps inside my base
(03:38 / Allies) humankingtomvip: its sealed up
(04:41 / Allies) Tpo_Reloaded: b
(05:34 / Allies) Tpo_Reloaded: hold on
(06:16 / Allies) humankingtomvip: heal ur allies hero paladin
(07:05 / Allies) humankingtomvip: kill the preist first
(07:10 / Allies) humankingtomvip: are you serious
(07:12 / Allies) Tpo_Reloaded: why tp
(07:13 / Allies) humankingtomvip: you tped for a bm harass
(07:14 / Allies) humankingtomvip: rofl
(07:16 / Allies) humankingtomvip: please jsut leave the game elf
(07:34 / All) Tpo_Reloaded: DIE NIGLET
(07:36 / Allies) Wc_wOLF: lol
(07:58 / Allies) Tpo_Reloaded: someone who have aa help me clear this
(08:08 / Allies) day_beerz: ill get aa soonish
(08:09 / Allies) humankingtomvip: get an expo first you nooblord
(08:50 / Allies) Tpo_Reloaded: pink?
(08:55 / Allies) Tpo_Reloaded: why so many towers
(09:16 / Allies) humankingtomvip: why so few expos
(09:18 / Allies) humankingtomvip: on this team of super noobs
(09:21 / Allies) Tpo_Reloaded: i got mine
(09:48 / Allies) Tpo_Reloaded: going
(09:52 / Allies) Tpo_Reloaded: lol
(09:54 / Allies) Tpo_Reloaded: he suck
(11:01 / Allies) Tpo_Reloaded: repair
(11:06 / Allies) day_beerz: on it
(11:24 / Allies) Tpo_Reloaded: knights pumping
(11:41 / Allies) humankingtomvip: kill the big one
(12:04 / All) UCanCallMeSock: lolz
(12:31 / Allies) humankingtomvip: 3 wells huh
(12:33 / Allies) humankingtomvip: hey big spender
(12:41 / Allies) day_beerz: lmaooo
(14:43 / Allies) Wc_wOLF: units pinkkkkkkk
(14:46 / Allies) Tpo_Reloaded: im ready to hit
(15:01 / Allies) Wc_wOLF: u2
(15:12 / Allies) Tpo_Reloaded: some get the big dragon
(15:30 / Allies) Tpo_Reloaded: buy it
(15:32 / Allies) Tpo_Reloaded: the dragon
(15:32 / Allies) Wc_wOLF: backkkkk
(15:41 / Allies) Tpo_Reloaded: and lets hit
(15:43 / Allies) Tpo_Reloaded: lots of wyrms
(15:52 / Allies) day_beerz: i got bats for them
(15:57 / Allies) Tpo_Reloaded: ok
(15:58 / Allies) Tpo_Reloaded: meet up
(16:15 / Allies) day_beerz: pink guess ur going unitless?
(16:16 / Allies) Tpo_Reloaded: wait yellow
(16:19 / Allies) humankingtomvip: HOLY SHIT
(16:20 / Allies) Tpo_Reloaded: b
(16:21 / Allies) Tpo_Reloaded: b
(16:22 / Allies) Tpo_Reloaded: b
(16:26 / Allies) Tpo_Reloaded: blow up
(16:28 / Allies) Tpo_Reloaded: DO SOMETHING
(16:37 / Allies) humankingtomvip: bat him you dogfucker
(16:38 / Allies) humankingtomvip: tp out
(16:56 / Allies) day_beerz: i ddid bat him
(17:02 / Allies) humankingtomvip: 2 bats
(17:05 / Allies) humankingtomvip: vs 25 wyrms
(17:06 / All) MarcOs-: Gg
(17:16 / Allies) humankingtomvip: stop wasting batys
(17:19 / Allies) humankingtomvip: u need to use 3 at a time
(17:20 / Allies) humankingtomvip: vs one wyrm
(17:22 / Allies) humankingtomvip: or it doesnt even die
(17:43 / Allies) Tpo_Reloaded: we are fucked
(17:46 / Allies) Wc_wOLF: stupid pimk your units
(17:49 / Allies) humankingtomvip: yeah because u guys have nothing
(17:49 / Allies) Tpo_Reloaded: get aa motherfucker
(17:54 / Allies) humankingtomvip: shitty knights and the guy using one bat a minute
(18:18 / Allies) humankingtomvip: get those shitty sueless units away from me
(18:22 / Allies) humankingtomvip: u cant fight worms with them
(18:26 / Allies) humankingtomvip: take them soenwerhe wher eu can use them
(18:31 / Allies) Tpo_Reloaded: stop
(18:35 / Allies) humankingtomvip: like there
(18:36 / Allies) humankingtomvip: dogfucker
(18:47 / Allies) Tpo_Reloaded: ur being and asshole
(18:47 / Allies) humankingtomvip: wow you blew up 2 in the same minute
(18:48 / Allies) humankingtomvip: amazing
(18:49 / Allies) Tpo_Reloaded: for no reason
(19:31 / Allies) humankingtomvip: share control and make 5 beastiaries and MASS BATS
(19:35 / Allies) humankingtomvip: you cant send 3 bats a minute
(19:36 / Allies) humankingtomvip: at his wyrms
(19:40 / Allies) humankingtomvip: their helath regen is more than that
(19:42 / Allies) day_beerz: i need golf
(19:49 / Allies) humankingtomvip: how baout u expo then
(19:50 / Allies) humankingtomvip: durrrr
(19:51 / Allies) Wc_wOLF: need gold fuking pink
(20:40 / Allies) day_beerz: pinkk u can give us some golf
(20:47 / Allies) humankingtomvip: if your knights are so usless
(20:49 / Allies) humankingtomvip: that you cant attack with them
(20:50 / Allies) Tpo_Reloaded: stop attacking me
(20:51 / Allies) humankingtomvip: then kill them yourself
(20:56 / Allies) Tpo_Reloaded: no
(21:01 / Allies) Tpo_Reloaded: give some money
(21:04 / Allies) Tpo_Reloaded: so i can get aa
(21:46 / Allies) Tpo_Reloaded: everyone go bottom
(21:54 / Allies) Tpo_Reloaded: knights gonna be useful
(21:54 / Allies) Tpo_Reloaded: dont hit them
(21:58 / Allies) humankingtomvip: get them away from me
(22:02 / Allies) humankingtomvip: i dont want to see your shitty useless kngihts
(22:05 / Allies) Tpo_Reloaded: stop being a asshole
(22:06 / Allies) humankingtomvip: that have never attacked a unit even once
(22:23 / Allies) day_beerz: there use my bats i shared units
(22:31 / Allies) day_beerz: knock urself out pink
(22:41 / Allies) day_beerz: gold me and ill make more
(23:11 / Allies) day_beerz: k welll imma brb
(23:14 / Allies) day_beerz: gl guys
(23:21 / Allies) Tpo_Reloaded: ill hit with knights
(23:22 / Allies) day_beerz: i got no gold or id make mad units
(23:22 / Allies) Tpo_Reloaded: wait
(23:36 / Allies) Wc_wOLF: backkkkkkkkkkkkk
(24:35 / Allies) humankingtomvip: see that is how u use bats
(24:37 / Allies) humankingtomvip: 12 dead worms
(24:38 / Allies) humankingtomvip: shitloads of xp
(24:40 / Allies) humankingtomvip: not one at a time
(24:45 / Allies) day_beerz: give me golf
(24:47 / Allies) day_beerz: and ill make more
(24:49 / Allies) day_beerz: golld
(24:50 / Allies) day_beerz: gold
(24:51 / Allies) day_beerz: gold
(24:51 / Allies) humankingtomvip: keeill thei expos fast
(24:52 / Allies) day_beerz: ggold
(24:53 / Allies) day_beerz: gold
(24:54 / Allies) day_beerz: gold
(24:55 / Allies) day_beerz: gold
(25:10 / Allies) Tpo_Reloaded: kill expos
(25:10 / Allies) Tpo_Reloaded: go
(25:20 / All) MarcOs-: GG
(25:22 / All) MarcOs-: noob
(25:50 / Allies) day_beerz: purple
(25:52 / Allies) day_beerz: wodd plz
(26:07 / Allies) Wc_wOLF: goldddd
(26:33 / Allies) Tpo_Reloaded: care
(29:10 / Allies) Wc_wOLF: tp alll
(30:08 / All) humankingtomvip: ROFL
(30:14 / All) Tpo_Reloaded: YAY
(30:16 / All) Tpo_Reloaded: fuck you
(30:36 / Allies) humankingtomvip: he woudl rape u
(30:37 / Allies) humankingtomvip: still
(31:23 / All) MarcOs-: Gg alied nopobs is nerd
(31:28 / All) humankingtomvip: sure
(31:29 / All) humankingtomvip: mex